 Dungeon Crawl Stone Soup version 0.29-a0-1019-g84f7d21838 (webtiles) character file.

Game seed: 16077943270073120945

2710 siradein the Trooper (level 9, -5/78 HPs)
             Began as a Ghoul Fighter on Aug 10, 2022.
             Was a Priest of Okawaru.
             Slain by an orc warrior
             ... wielding a +0 war axe
              (12 damage)
             ... in a bailey.
             The game lasted 00:24:11 (6643 turns).

siradein the Trooper (Ghoul Fighter)                Turns: 6643, Time: 00:24:12

Health: -5/78      AC: 14    Str: 17    XL:     9   Next: 66%
Magic:  8/10       EV:  8    Int: 11    God:    Okawaru [***...]
Gold:   357        SH:  6    Dex: 10    Spells: 8/8 levels left

rFire   . . .      SeeInvis .   x - +6 mace of Vismis {spect, Fly rElec Str-5 Int+2}
rCold   + . .      Faith    .   c - +0 buckler
rNeg    + + +      Spirit   .   z - +0 chain mail
rPois   ∞          Reflect  .   (no helmet)
rElec   +          Harm     .   (no cloak)
rCorr   .          Rampage  .   h - +0 pair of gloves
Will    .....                   e - +0 pair of boots
Stlth   ..........              (no amulet)
HPRegen 0.00/turn               D - +6 ring of intelligence
MPRegen 0.12/turn               (no ring)

@: heroic, flying, inhibited regen
A: claws 1, cold resistance 1, negative energy resistance 3, inhibited
regeneration, torment resistance 2, devour on kill
a: Renounce Religion, Heroism


You were in a bailey.
You worshipped Okawaru.
Okawaru was most pleased with you.
You visited 2 branches of the dungeon, and saw 8 of its levels.
You also visited: Bailey.

You collected 357 gold pieces.

Inventory:

Hand Weapons
 a - a +0 trident
 x - the +6 mace of Vismis (weapon) {spect, Fly rElec Str-5 Int+2}
   (You found it on level 4 of the Dungeon)

   When its wielder attacks, the weapon's spirit leaps out and strikes again.
   The spirit shares a part of any damage it takes with its wielder.
   Str:       It affects your strength (-5).
   Int:       It affects your intelligence (+2).
   rElec:     It insulates you from electricity.
   Fly:       It grants you flight.
Missiles
 s - 6 curare-tipped darts
 t - 79 stones (quivered)
 v - 5 silver javelins
Armour
 c - a +0 buckler (worn)
 e - a +0 pair of boots (worn)
 h - a +0 pair of gloves (worn)
 z - a +0 chain mail (worn)
Jewellery
 D - a +6 ring of intelligence (left hand)
Wands
 n - a wand of iceblast (6)
 G - a wand of mindburst (10)
Scrolls
 f - 2 scrolls of teleportation {unknown}
 g - 2 scrolls of fear
 k - a scroll of torment {unknown}
 l - a scroll of silence {unknown}
 m - a scroll of enchant weapon
 o - 3 scrolls of brand weapon {unknown}
 q - a scroll of summoning {unknown}
 y - 2 scrolls of blinking {unknown}
 A - a scroll of poison {unknown}
 E - 4 scrolls of noise {unknown}
 F - a scroll of acquirement {unknown}
Potions
 b - 3 potions of lignification {unknown}
 d - 4 potions of might
 i - 2 potions of magic {unknown}
 j - 2 potions of heal wounds
 p - 2 potions of haste
 r - a potion of cancellation
 u - a potion of brilliance
 w - 2 potions of attraction {unknown}
 B - 2 potions of mutation {unknown}
 C - 2 potions of curing {unknown}


   Skills:
 + Level 6.9(11.9) Fighting
 + Level 5.3(10.3) Polearms
 + Level 4.5(9.5) Throwing
 + Level 5.7(10.7) Armour
 + Level 5.8(10.8) Shields
 + Level 3.9 Invocations


You had 8 spell levels left.
You didn't know any spells.
Your spell library contained the following spells:

 Spells                   Type           Power      Damage    Failure   Level
 Gell's Gravitas          Tloc           0%         N/A       100%        3
 Ignite Poison            Fire/Tmut/Pois 0%         N/A       100%        3
 Mephitic Cloud           Conj/Pois/Air  0%         N/A       100%        3
 Teleport Other           Tloc           0%         N/A       100%        3
 Passage of Golubria      Tloc           0%         N/A       100%        4
 Freezing Cloud           Conj/Ice/Air   0%         6-21      100%        5
 Yara's Violent Unravell  Hex/Tmut       0%         3d3       100%        5
 Dispersal                Tloc           0%         N/A       100%        6
 Tukima's Dance           Hex            Unusable   N/A       N/A         3

Dungeon Overview and Level Annotations

Branches:
Dungeon (7/15)             Temple (1/1) D:5          Bailey (1/1)

Altars:
Ashenzari
Cheibriados
Dithmenos
Fedhas
Makhleb
Nemelex Xobeh
Okawaru
Ru
Sif Muna
Trog
Uskayaw
Vehumet
Wu Jian

Shops:
D:2 *   D:3 :

Annotations:
D:6 3 runed translucent doors, Jackthecabe's ghost, novice DEIE; kd29's ghost, novice GrCj; siradein's ghost, novice BaFi; siradein's ghost, novice FoFi


Innate Abilities, Weirdness & Mutations

You are immune to poison.
You have sharp fingernails.
Your flesh is cold resistant. (rC+)
You are immune to negative energy. (rN+++)
You do not regenerate when monsters are visible.
You are immune to unholy pain and torment.
You thrive by killing the living.


Message History

The orc warrior attacks as you move away!
The orc warrior hits you with a +0 war axe.
The orc warrior attacks as you move away!
The orc warrior hits you with a +0 war axe!
The orc warrior attacks as you move away!
The orc warrior barely misses you.
The orc warrior attacks as you move away!
You block the orc warrior's attack.
There is an open door, spattered with blood here.
Items here: )) [[ ÷.
You hit the orc warrior.
The orc warrior is lightly wounded.
Your +6 mace of Vismis {spect, Fly rElec Str-5 Int+2} hits the orc warrior!
The orc warrior closely misses your +6 mace of Vismis {spect, Fly rElec Str-5 Int+2}.
The orc warrior hits you but does no damage.
You sock the orc warrior!
You kill the orc warrior!
Okawaru accepts your kill.
Okawaru will now gift you ammunition as you gain piety.
The orc warrior barely misses you.
You hit the orc warrior.
The orc warrior is moderately wounded.
Your +6 mace of Vismis {spect, Fly rElec Str-5 Int+2} hits the orc warrior!
The orc warrior hits your +6 mace of Vismis {spect, Fly rElec Str-5 Int+2} with a +0 war axe.
The orc warrior hits you with a +0 war axe.
* * * LOW HITPOINT WARNING * * *
You gain the combat prowess of a mighty hero.
You sock the orc!
You kill the orc!
Okawaru accepts your kill.
You feel better.
The orc warrior hits you with a +0 war axe!
* * * LOW HITPOINT WARNING * * *
Unknown command.
You hit the orc warrior but do no damage.
Your +6 mace of Vismis {spect, Fly rElec Str-5 Int+2} hits the orc warrior.
The orc warrior hits you with a +0 war axe!
* * * LOW HITPOINT WARNING * * *
The orc warrior hits you with a +0 war axe!
You die...

)##.......##)......##
..#.......#.........#
..##.....##.........##
...#######.....⌠.....#
..## ##.........## ..#
#.........# .##
##.......## .#
#.......# ## ##..(@o##
####o## ##..ggo##
#....o..# ##.......##
#.........#
##.........## ##+
#.....⌠.....# 88.8
##.........##


You could see 2 orc warriors, 2 orcs, a hobgoblin, a goblin and a friendly +6
mace of Vismis {spect, Fly rElec Str-5 Int+2} (summoned).

Vanquished Creatures
  A hornet (D:7)
  A water moccasin (D:6)
  Duvessa (D:6)
  2 black bears
  A sky beast (D:7)
  5 orc warriors (Bailey)
  An ogre (D:6)
  A centaur (D:5)
  A phantom (D:4)
  A kobold brigand (D:7)
  A bullfrog (D:7)
  Blork the orc (D:5)
  3 necrophages
  A scorpion (D:5)
  3 wights (D:6)
  Dowan (D:6)
  A howler monkey (D:7)
  3 jellies (D:6)
  2 hounds
  4 orc priests
  A gnoll bouda (D:6)
  Ijyb (D:3)
  2 iguanas
  8 gnolls
  6 adders
  3 white imps
  An ufetubus (D:5)
  A worm (D:2)
  19 orcs
  5 ball pythons
  5 bats
  3 endoplasms
  5 giant cockroaches
  13 goblins
  11 hobgoblins
  14 kobolds
  5 quokkas
  2 frilled lizards (D:2)
  3 rats
143 creatures vanquished.

Vanquished Creatures (others)
  An orc wizard (D:7)
  2 withered plants (D:6)
3 creatures vanquished.

Grand Total: 146 creatures vanquished

Notes
Turn   | Place    | Note
-------+----------+-------------------------------------------
     0 | D:1      | siradein the Ghoul Fighter began the quest for the Orb.
     0 | D:1      | Reached XP level 1. HP: 19/19 MP: 0/0
   121 | D:1      | Found a faded altar of an unknown god.
   430 | D:1      | Reached XP level 2. HP: 26/26 MP: 1/1
  1054 | D:2      | Reached XP level 3. HP: 31/31 MP: 2/2
  1118 | D:2      | Found Zaroutt's Assorted Antiques.
  2106 | D:3      | Found a burning altar of Makhleb.
  2187 | D:3      | Found Rimac's Book Shoppe.
  2480 | D:3      | Noticed Ijyb
  2513 | D:3      | Killed Ijyb
  2514 | D:3      | Reached skill level 4 in Fighting
  2514 | D:3      | Reached XP level 4. HP: 14/40 MP: 3/3
  3116 | D:4      | Identified the +6 mace of Vismis {spect, Fly rElec Str-5
                  | Int+2}
  3415 | D:4      | Found a blossoming altar of Fedhas.
  3420 | D:4      | Reached XP level 5. HP: 45/46 MP: 4/4
  3488 | D:4      | Noticed a phantom
  3498 | D:4      | Killed a phantom
  3499 | D:4      | Reached skill level 1 in Throwing
  3624 | D:4      | Reached XP level 6. HP: 53/53 MP: 5/5
  3712 | D:4      | Found a shadowy altar of Dithmenos.
  3921 | D:5      | Entered Level 5 of the Dungeon
  3921 | D:5      | Noticed Blork the orc
  3921 | D:5      | Noticed a black bear
  3931 | D:4      | Killed a black bear
  4018 | D:5      | Reached XP level 7. HP: 60/60 MP: 6/6
  4020 | D:5      | Killed Blork the orc
  4021 | D:5      | Reached skill level 5 in Fighting
  4421 | D:5      | Found a staircase to the Ecumenical Temple.
  4491 | Temple   | Entered the Ecumenical Temple
  4496 | Temple   | Became a worshipper of Warmaster Okawaru
  4714 | D:6      | Reached XP level 8. HP: 54/69 MP: 7/7
  4809 | D:6      | Found a runed translucent gate.
  4810 | D:6      | Found a runed translucent gate.
  4812 | D:6      | Found a runed translucent gate.
  4814 | D:6      | Noticed Jackthecabe's ghost (novice DEIE)
  4815 | D:6      | Noticed siradein's ghost (novice FoFi)
  4815 | D:6      | Noticed siradein's ghost (novice BaFi)
  4815 | D:6      | Noticed kd29's ghost (novice GrCj)
  4826 | D:6      | Reached * piety under Okawaru
  4827 | D:6      | Reached skill level 1 in Invocations
  4964 | D:6      | Noticed Duvessa
  4966 | D:6      | Noticed Dowan
  4975 | D:6      | Killed Duvessa
  4978 | D:6      | Killed Dowan
  5117 | D:6      | Reached skill level 6 in Fighting
  5128 | D:6      | Reached skill level 5 in Shields
  5131 | D:6      | Reached skill level 5 in Armour
  5567 | D:6      | Reached XP level 9. HP: 74/75 MP: 9/9
  5771 | D:7      | Reached ** piety under Okawaru
  5803 | D:7      | Found a hide-covered altar of Uskayaw.
  5912 | D:7      | Noticed a hornet
  5927 | D:7      | Killed a hornet
  5928 | D:7      | Reached skill level 5 in Polearms
  6132 | D:7      | Found a flagged portal.
  6156 | Bailey   | Entered a bailey
  6639 | Bailey   | Reached *** piety under Okawaru
  6643 | Bailey   | Slain by an orc warrior

Illustrated notes

Levels and vault maps discovered:
D:1:      dpeg_arrival_castle, layout_loops_cross, shapermc_ecumenical_altar_gd,
          grunt_decor_junction, kennysheep_minor_cross, bh_walls_and_bars
D:2:      layout_loops_ring, serial_shops, nicolae_shop_overgrown_old_shop,
          nicolae_underground_beach
D:3:      layout_basic, mainiacjoe_overflow_alcove_4, serial_shops,
          nicolae_shop_stone, uniq_ijyb
D:4:      layout_basic, nicolae_dithmenos_shadow_blocks, fedhas_altar_2,
          nicolae_kite_square_tiling_tiny
D:5:      layout_rooms, minmay_temple_entry_fiery, uniq_blork_the_orc
D:6:      wad_pebble_path, layout_basic, tso_altar,
          nicolae_overflow_crystal_walls, gammafunk_ghost_cemetery, uniq_duvessa
D:7:      lemuel_castle_with_subvaults [lemuel_castle_interior_carwin_3],
          layout_loops_ring, nicolae_uskayaw_dance_studio, enter_bailey_7
Temple:   hellmonk_temple_micro_hex
Bailey:   bailey_axe_minmay_hex_keep, bailey

Skill      XL: |  1  2  3  4  5  6  7  8  9 |
---------------+----------------------------+-----
Polearms       | 2 3 4 5 |  5.3
Shields        | 3 4 5 |  5.8
Armour         | 3 4 5 |  5.7
Fighting       | 4 5 6 |  6.9
Throwing       | 1 2 3 4 |  4.5
Invocations    | 2 3 |  3.9

Action                   |  1- 3 |  4- 6 |  7- 9 || total
-------------------------+-------+-------+-------++-------
Melee: Trident           |   123 |    55 |       ||   178
       Mace              |       |    28 |   182 ||   210
Throw: Stone             |       |     1 |       ||     1
Invok: Heroism           |       |       |     1 ||     1
  Use: Scroll            |     4 |     1 |     1 ||     6
 Stab: Distracted        |       |       |     2 ||     2
Armor: Scale mail        |    44 |    61 |       ||   105
       Chain mail        |       |    17 |    93 ||   110
Dodge: Dodged            |    37 |    47 |    49 ||   133
Block: Buckler           |    14 |    35 |    45 ||    94

Table legend: (Time is in decaauts)
 A = Elapsed time spent in this place.
 B = Non-inter-level travel time spent in this place.
 C = Inter-level travel time spent in this place.
 D = Time resting spent in this place.
 E = Time spent auto-exploring this place.
 F = Levels seen in this place.
 G = Mean time per level.
                   A        B        C        D        E       F      G
               +--------+--------+--------+--------+--------+-----+--------+
         Total |   6777 |   6470 |    307 |    466 |   4813 |   9 |  753.0 |
       Dungeon |   6257 |   5958 |    299 |    466 |   4447 |   7 |  893.9 |
        Temple |     10 |      2 |      8 |      0 |      0 |   1 |   10.0 |
        Bailey |    509 |    509 |      0 |      0 |    366 |   1 |  509.0 |
               +--------+--------+--------+--------+--------+-----+--------+

Top non-repeatable levels by time:
     D:3: 1314 daAuts
     D:6: 1189 daAuts
     D:2: 1033 daAuts
     D:1: 938 daAuts
     D:4: 778 daAuts
     D:5: 593 daAuts
  Bailey: 509 daAuts
     D:7: 409 daAuts
  Temple: 10 daAuts
